 Dungeon Crawl Stone Soup version 0.29.1-13-g9f3cf754e1 (webtiles) character file.

Game seed: 3580412644793247175

79 Thatpatchoflichen the Trooper (level 4, -3/50 HPs)
             Began as an Ogre Monk on Feb 9, 2023.
             Slain by Grinder (9 damage)
             ... on level 3 of the Dungeon.
             The game lasted 00:02:21 (2774 turns).

Thatpatchoflichen the Trooper (Ogre Monk)           Turns: 2774, Time: 00:02:22

Health: -3/50      AC:  3    Str: 17    XL:     4   Next: 38%
Magic:  4/4        EV: 10    Int: 11    God:
Gold:   111        SH:  0    Dex: 11    Spells: 3/3 levels left

rFire   . . .      SeeInvis .   a - +0 mace
rCold   . . .      Faith    .   (no shield)
rNeg    . . .      Spirit   .   b - +0 robe
rPois   .          Reflect  .   (helmet restricted)
rElec   .          Harm     .   (no cloak)
rCorr   .          Rampage  .   (gloves unavailable)
Will    .....                   (boots unavailable)
Stlth   ++........              (no amulet)
HPRegen 0.16/turn               (no ring)
MPRegen 0.09/turn               (no ring)

@: no status effects
A: large, unfitting armour, tough skin 1
a: no special abilities


You were on level 3 of the Dungeon.
You visited 1 branch of the dungeon, and saw 3 of its levels.

You collected 111 gold pieces.

Inventory:

Hand Weapons
 a - a +0 mace (weapon)
Armour
 b - a +0 robe (worn)
Jewellery
 f - an amulet of reflection
Scrolls
 d - 4 scrolls of identify {unknown}
 h - a scroll of noise {unknown}
 i - 3 scrolls of teleportation {unknown}
 j - 2 scrolls of immolation {unknown}
 l - a scroll of butterflies {unknown}
Potions
 c - a potion of ambrosia
 e - 3 potions of curing {unknown}
 g - a potion of haste {unknown}
 k - a potion of resistance {unknown}


   Skills:
 + Level 5.1 Fighting
 + Level 3.4 Maces & Flails
 + Level 3.4 Dodging
 - Level 1.4 Stealth


You had 3 spell levels left.
You didn't know any spells.
Your spell library was empty.

Dungeon Overview and Level Annotations

Branches:
Dungeon (3/15)

Altars:

Annotations:
D:3 Grinder


Innate Abilities, Weirdness & Mutations

You are too large for most types of armour.
You have tough skin. (AC +1)


Message History

You hit Grinder.
Grinder is moderately wounded.
Grinder closely misses you.
You closely miss Grinder.
Grinder is moderately wounded.
Grinder hits you but does no damage.
You barely miss Grinder.
Grinder is moderately wounded.
Grinder hits you!
You writhe in agony.
Grinder gestures at you.
You suddenly lose the ability to move!
Grinder gestures at you. You resist with significant effort. Grinder hits you.
You writhe in agony.
Grinder gestures at you. Pain shoots through your body!
Grinder blinks!
You can move again.
Grinder hits you but does no damage.
You completely miss Grinder.
Grinder is lightly wounded.
Grinder gestures at you. Pain shoots through your body!
You closely miss Grinder.
Grinder is lightly wounded.
Grinder gestures at you. Pain shoots through your body!
* * * LOW HITPOINT WARNING * * *
You hit Grinder.
Grinder is moderately wounded.
Grinder hits you.
* * * LOW HITPOINT WARNING * * *
You closely miss Grinder.
Grinder is moderately wounded.
Grinder hits you.
* * * LOW HITPOINT WARNING * * *
You writhe in agony.
* * * LOW HITPOINT WARNING * * *
Grinder hits you!
You die...

#.# #.##.##.#.#
#.####.##.##.#.#
#.#...>......#.###
#†#.###.#........#
#.# #.#..#.#.#.# #.#
#.#..#.#.#.. #†#
#.#..#.#.#.. #.# #
.......#....
###@#.#.#.#..#####.#
#<#.5.............<.
#.#########.########
#.. .. ####


You could see Grinder.

Vanquished Creatures
  A gnoll (D:1)
  3 adders (D:2)
  A worm (D:2)
  An orc (D:3)
  4 endoplasms
  2 giant cockroaches (D:2)
  2 goblins (D:2)
  3 hobgoblins
  4 jackals (D:1)
  2 quokkas (D:1)
  5 ball pythons
  3 bats
  2 kobolds
  3 rats
36 creatures vanquished.

Notes
Turn   | Place    | Note
-------+----------+-------------------------------------------
     0 | D:1      | Thatpatchoflichen the Ogre Monk began the quest for the
                  | Orb.
     0 | D:1      | Reached XP level 1. HP: 24/24 MP: 1/1
    89 | D:1      | Reached XP level 2. HP: 7/32 MP: 2/2
   501 | D:1      | Found a faded altar of an unknown god.
  1066 | D:1      | Reached XP level 3. HP: 16/40 MP: 3/3
  2225 | D:2      | Reached XP level 4. HP: 40/49 MP: 4/4
  2230 | D:2      | Reached skill level 5 in Fighting
  2740 | D:3      | Noticed Grinder
  2748 | D:3      | Paralysed by Grinder for 4 turns
  2754 | D:3      | Paralysed by Grinder for 3 turns
  2763 | D:3      | Paralysed by Grinder for 5 turns
  2774 | D:3      | Slain by Grinder

Illustrated notes

Levels and vault maps discovered:
D:1:      dpeg_arrival_tiny_d, layout_loops_corners, basic_ecumenical_altar
D:2:      layout_loops_ring
D:3:      layout_basic, serial_shops, shop, grunt_decor_fettered, uniq_grinder,
          uniq_robin, uniq_terence

Skill      XL: |  1  2  3  4 |
---------------+-------------+-----
Maces & Flails | 3 |  3.4
Dodging        | 3 |  3.4
Fighting       | 5 |  5.1
Stealth        | |  1.4

Action                   |  1- 3 |  4- 6 || total
-------------------------+-------+-------++-------
Melee: Mace              |   107 |    25 ||   132
 Stab: Sleeping          |     6 |       ||     6
Armor: Robe              |    42 |    10 ||    52
Dodge: Dodged            |    66 |     9 ||    75
